 Dungeon Crawl Stone Soup version 0.22.0-49-gab54619674 (webtiles) character file.

3642 Gargoyl the Chopper (level 9, -7/74 HPs)
             Began as a Centaur Abyssal Knight on Sept 8, 2018.
             Was a Priest of Lugonu.
             Killed from afar by Erolcha (19 damage)
             ... with a stone arrow
             ... on level 9 of the Dungeon.
             The game lasted 00:16:32 (11331 turns).

Gargoyl the Chopper (Centaur Abyssal Knight)       Turns: 11331, Time: 00:16:32

Health: -7/74      AC: 11    Str: 18    XL:     9   Next: 88%
Magic:  13/13      EV:  6    Int: 11    God:    Lugonu [***...]
Gold:   548        SH:  0    Dex: 11    Spells: 8/8 levels left

rFire    + . .     SeeInvis .   G - +12 glaive of Prune {chop}
rCold    . . .     Gourm    .   (shield currently unavailable)
rNeg     . . .     Faith    .   k - +0 chain mail
rPois    .         Spirit   .   (helmet restricted)
rElec    .         Reflect  .   l - +1 cloak
rCorr    .         Harm     .   (no gloves)
MR       +....                  (no barding)
Stlth    ..........             (no amulet)
HPRegen  0.22/turn              d - ring of protection from fire
MPRegen  0.13/turn              v - ring of protection from magic

@: confused, very quick
A: large, hooves 3, horns 1, deformed body, speed 2, strong 1, tough skin 3
a: Depart the Abyss, Bend Space, Banish, Renounce Religion


You were on level 9 of the Dungeon.
You worshipped Lugonu.
Lugonu was most pleased with you.
You were not hungry.

You visited 1 branch of the dungeon, and saw 9 of its levels.
You visited the Abyss 1 time.

You collected 548 gold pieces.

Inventory:

Hand Weapons
 a - a +2 hand axe
 p - a +0 war axe of venom
 G - the +12 glaive of Prune (weapon) {chop}
   (You found it on level 8 of the Dungeon)

   It inflicts extra damage upon your enemies.
Missiles
 C - 4 tomahawks (quivered)
Armour
 e - a +0 helmet
 k - a +0 chain mail (worn)
 l - a +1 cloak (worn)
Jewellery
 d - a ring of protection from fire (left hand)
 o - an uncursed ring of flight
 t - an uncursed ring of protection from fire
 v - a ring of protection from magic (right hand)
 B - a cursed amulet of inaccuracy {unknown}
 E - an uncursed ring of protection from magic
Wands
 f - a wand of digging (11)
 r - a wand of polymorph (15)
 s - a wand of iceblast (9)
 y - a wand of clouds (4)
Scrolls
 b - 6 scrolls of teleportation
 h - a scroll of enchant weapon
 j - 4 scrolls of identify
 m - 7 scrolls of remove curse
 u - a scroll of magic mapping
 w - a scroll of amnesia {unknown}
 F - a scroll of fog {unknown}
Potions
 g - a potion of magic
 i - a potion of haste
 n - a potion of flight
 z - 2 potions of agility
Comestibles
 c - 19 rations
 A - a chunk of flesh


   Skills:
 + Level 5.5 Fighting
 + Level 7.1 Axes
 * Level 7.1 Armour
 + Level 2.2 Dodging
 * Level 6.3 Invocations


You had 8 spell levels left.
You didn't know any spells.
Your spell library contained the following spells:

 Spells                   Type           Power        Failure   Level  Hunger
 Magic Dart               Conj           #...         98%         1    ##.....
 Blink                    Tloc           N/A          99%         2    ###....
 Call Imp                 Summ           #.......     99%         2    ###....
 Slow                     Hex            #.......     99%         2    ###....
 Conjure Flame            Conj/Fire      #.......     100%        3    ####...
 Mephitic Cloud           Conj/Pois/Air  #.......     100%        3    ####...


Dungeon Overview and Level Annotations

Branches:
Dungeon (9/15)             Temple (0/1) D:4
   Lair: D:8-11         Orc: D:9-12

Altars:
Cheibriados
Dithmenos
Hepliaklqana
Nemelex Xobeh
Okawaru
Sif Muna
Trog
Uskayaw
Yredelemnul
The Shining One

Annotations:
D:4 2 transporters, xpt754's ghost, amateur MiGl
D:9 Erolcha


Innate Abilities, Weirdness & Mutations

You have hooves in place of feet.
Armour fits poorly on your strangely shaped body.
You cover ground very quickly.
You have extremely tough skin. (AC +3)
You have a pair of small horns on your head.
Your muscles are strong. (Str +2)


Message History

You feel better.
Erolcha zaps a wand.
The bolt of acid misses you.
You feel better.
Erolcha hits you with a giant spiked club!
* * * LOW HITPOINT WARNING * * *
It was a potion of ambrosia.
You are confused.
You feel invigorated. Erolcha gestures at you while chanting.
The bolt of lightning hits you!
* * * LOW HITPOINT WARNING * * *
It was a potion of mutation.
You feel extremely strange.
You feel stronger. A pair of horns grows on your head!
Your +0 helmet falls away!
Erolcha gestures at you while chanting. You resist with almost no effort.
Okay, then.
You're too confused to move!
Erolcha gestures at you while chanting. The stone arrow hits you!
You die...

.......... ...#
......... ...+
....... ....# ##
#....# ...)# ..
#....##....## #.
#............ #.>
#............
#...#....<.......
#...O@...........
..................)
###................
.≈...#.+#####......
...#..# ...... ..
##. ...... . ..
...... ..≈


You could see Erolcha.

Vanquished Creatures
  Pikel (D:5)
  Grinder (D:5)
  A hippogriff (D:7)
  A steam dragon (D:8)
  Edmund (D:6)
  Duvessa (D:6)
  An orc warrior (D:7)
  2 phantoms
  An ogre (D:8)
  2 centaurs (D:5)
  2 big kobolds (D:7)
  2 bullfrogs
  A wyvern zombie (D:8)
  A wyvern skeleton (D:8)
  Dowan (D:6)
  A scorpion (D:8)
  7 wights
  5 howler monkeys
  4 crimson imps
  2 bullfrog zombies (D:8)
  5 hounds
  A centaur skeleton (D:7)
  2 orc priests (D:8)
  3 jellies
  4 iguanas
  4 orc wizards
  2 worker ants
  2 hound skeletons
  A howler monkey zombie (D:7)
  A worker ant zombie (D:7)
  5 adders
  A shadow imp (D:5)
  An adder zombie (D:7)
  An adder skeleton (D:4)
  3 worms
  6 leopard geckos
  28 orcs
  5 giant cockroaches
  2 gnoll zombies (D:6)
  9 hobgoblins
  4 jackals
  4 quokkas
  8 bats
  6 frilled lizards
  3 goblins (D:1)
  13 kobolds
  2 rats (D:3)
164 creatures vanquished.

Vanquished Creatures (others)
  2 slaves (D:5)
  An ogre (D:5)
  A howler monkey (D:5)
  2 crimson imps (D:5)
  A worker ant (D:5)
  A worm (D:5)
  2 jackals (D:5)
  5 toadstools (D:1)
15 creatures vanquished.

Grand Total: 179 creatures vanquished

Notes
Turn   | Place    | Note
-------+----------+-------------------------------------------
     0 | Abyss:1  | Gargoyl the Centaur Abyssal Knight began the quest for the
                  | Orb.
     0 | Abyss:1  | Reached XP level 1. HP: 19/19 MP: 2/2
    40 | Abyss:1  | Found a corrupted altar of Lugonu.
   192 | Abyss:1  | Noticed a chaos spawn
   215 | Abyss:1  | Noticed an Executioner
   216 | D:1      | Escaped the Abyss
   405 | D:1      | Reached * piety under Lugonu
   405 | D:1      | Reached XP level 2. HP: 18/26 MP: 3/3
  1189 | D:2      | Reached XP level 3. HP: 22/31 MP: 4/4
  1677 | D:2      | Found a bloodstained altar of Trog.
  2364 | D:3      | Reached skill level 1 in Dodging
  3108 | D:3      | Reached XP level 4. HP: 32/38 MP: 5/5
  3500 | D:3      | Found a deep blue altar of Sif Muna.
  3753 | D:4      | Reached XP level 5. HP: 46/46 MP: 7/7
  4021 | D:4      | Found a glowing golden altar of the Shining One.
  4038 | D:4      | Reached ** piety under Lugonu
  4173 | D:4      | Found a transporter.
  4184 | D:4      | Noticed xpt754's ghost (amateur MiGl)
  4191 | D:4      | Found a transporter.
  4261 | D:4      | Found an iron altar of Okawaru.
  4656 | D:4      | Noticed a phantom
  4729 | D:4      | Killed a phantom
  4729 | D:4      | Reached XP level 6. HP: 28/52 MP: 8/8
  4930 | D:4      | Found a staircase to the Ecumenical Temple.
  5429 | D:5      | Entered Level 5 of the Dungeon
  5440 | D:5      | Found a sparkling altar of Nemelex Xobeh.
  5609 | D:5      | Noticed a slave
  5610 | D:5      | Noticed Pikel
  5610 | D:5      | Noticed a slave
  5610 | D:5      | Noticed a slave
  5610 | D:5      | Noticed a slave
  5644 | D:5      | Killed Pikel
  5644 | D:5      | Reached XP level 7. HP: 33/60 MP: 8/10
  5907 | D:5      | Reached XP level 8. HP: 31/67 MP: 11/11
  6240 | D:5      | Noticed Grinder
  6258 | D:5      | Killed Grinder
  6258 | D:5      | Reached skill level 5 in Armour
  6557 | D:5      | Found a hazy altar of Hepliaklqana.
  7200 | D:6      | Noticed Edmund
  7230 | D:6      | Killed Edmund
  7230 | D:6      | Reached skill level 5 in Axes
  7607 | D:6      | Reached skill level 5 in Invocations
  7770 | D:6      | Noticed Duvessa
  7773 | D:6      | Noticed Dowan
  7996 | D:6      | Killed Duvessa
  7996 | D:6      | Killed Dowan
  8214 | D:6      | Found a snail-covered altar of Cheibriados.
  8338 | D:6      | Found a basalt altar of Yredelemnul.
  8720 | D:7      | Reached XP level 9. HP: 69/73 MP: 12/12
  8812 | D:7      | Reached skill level 5 in Fighting
  9665 | D:7      | Found a hide-covered altar of Uskayaw.
  9740 | D:7      | Found a shadowy altar of Dithmenos.
 10135 | D:8      | Reached *** piety under Lugonu
 11232 | D:8      | Found the +12 glaive of Prune {chop}
 11314 | D:9      | Noticed Erolcha
 11329 | D:9      | HP: 2/74 [Erolcha/bolt of lightning (15)]
 11330 | D:9      | Gained mutation: Your muscles are strong. (Str +2) [potion
                  | of mutation]
 11330 | D:9      | Gained mutation: You have a pair of small horns on your
                  | head. [potion of mutation]
 11331 | D:9      | Killed from afar by Erolcha

Skill      XL: |  1  2  3  4  5  6  7  8  9 |
---------------+----------------------------+-----
Axes           | 2 3 4 5 7 |  7.1
Dodging        | 1 2 |  2.2
Armour         | 2 3 4 6 7 |  7.1
Invocations    | 3 4 5 6 |  6.3
Fighting       | 4 5 |  5.5

Action                   |  1- 3 |  4- 6 |  7- 9 || total
-------------------------+-------+-------+-------++-------
Melee: Hand axe          |   143 |   256 |   126 ||   525
       Kick              |    19 |    44 |   101 ||   164
       War axe           |       |       |   235 ||   235
       Glaive            |       |       |     6 ||     6
Invok: Depart the Abyss  |     1 |       |       ||     1
  Use: Scroll            |     7 |     6 |     5 ||    18
       Potion            |       |     1 |     8 ||     9
  Eat: Chunk             |     3 |     9 |    13 ||    25
       Ration            |       |       |     1 ||     1
Armor: Leather armour    |    86 |       |       ||    86
       Chain mail        |    26 |   145 |   263 ||   434
       Skin              |       |    11 |       ||    11
Dodge: Dodged            |    90 |    40 |    89 ||   219
